 Dungeon Crawl Stone Soup version 0.31-a0-208-gdb31a4691d (webtiles) character file.

Game seed: 11489886373793116468

36 rabbitsville the Trooper (level 3, -1/34 HPs)
             Began as a Hill Orc Berserker on June 29, 2023.
             Was a Follower of Trog.
             Slain by Natasha (9 damage)
             ... on level 2 of the Dungeon.
             The game lasted 00:01:31 (773 turns).

rabbitsville the Trooper (Hill Orc Berserker)        Turns: 773, Time: 00:01:33

Health: -1/34      AC:  2    Str: 21    XL:     3   Next: 37%
Magic:  3/3        EV:  8    Int:  7    God:    Trog [*.....]
Gold:   49         SH:  0    Dex: 10    Spells: 2/2 levels left

rFire   . . .        a - +0 mace
rCold   . . .        (no shield)
rNeg    . . .        b - +0 animal skin
rPois   .            (no helmet)
rElec   .            (no cloak)
rCorr   .            (no gloves)
SInv    .            (no boots)
Will    .....        (no amulet)
Stlth   +            (no ring)
HPRegen 0.25/turn    (no ring)
MPRegen 0.08/turn

%: no passive effects
@: constricted
A: no striking features
a: Renounce Religion, Berserk


You were on level 2 of the Dungeon.
You worshipped Trog.
Trog was aware of your devotion.
You visited 1 branch of the dungeon, and saw 2 of its levels.

You collected 49 gold pieces.

Inventory:

Hand Weapons
 a - a +0 mace (weapon)
Armour
 b - a +0 animal skin (worn)
Scrolls
 c - a scroll of enchant armour {unknown}
 f - a scroll of brand weapon {unknown}
 h - 2 scrolls of teleportation {unknown}
 i - a scroll of amnesia {unknown}
 k - a scroll of noise {unknown}
Potions
 d - a potion of curing {unknown}
 e - a potion of cancellation {unknown}
 g - 2 potions of lignification {unknown}
 j - a potion of mutation {unknown}
 l - a potion of heal wounds {unknown}
 m - a potion of brilliance {unknown}


   Skills:
 * Level 4.3 Fighting
 * Level 4.0 Maces & Flails
 + Level 2.6 Armour
 - Level 1.5 Dodging


You had 2 spell levels left.
You didn't know any spells.
Your spell library was empty.

Dungeon Overview and Level Annotations

Branches:
Dungeon (2/15)

Altars:

Annotations:
D:2 Natasha


Message History

Increase (S)trength, (I)ntelligence, or (D)exterity?
You feel stronger. x2
You sock the dart slug!
The dart slug is severely wounded.
The dart slug barely misses you.
You hit the dart slug.
You kill the dart slug!
Trog accepts your kill.
Your Maces & Flails skill increases to level 4!
m - a smoky brown potion
There is a stone staircase leading up here.
A ball python comes into view.
You climb upwards.
There is a stone staircase leading down here.
You start resting.
HP restored.
You climb downwards.
There is a stone staircase leading up here.
Natasha, Servant of Life and Death comes into view.
The ball python hisses angrily.
Natasha hisses angrily.
Found a stone staircase leading up.
Natasha claws you!
You barely miss Natasha. The ball python bites you. The ball python grabs you.
The ball python constricts you. Natasha misses you.
The ball python barely misses you. The ball python constricts you.
You hit Natasha.
Natasha is heavily wounded.
The ball python bites you. The ball python constricts you. Natasha claws you!
You hit Natasha.
Natasha is severely wounded.
The ball python bites you but does no damage.
The ball python constricts you. Natasha claws you.
* * * LOW HITPOINT WARNING * * *
The ball python bites you.
* * * LOW HITPOINT WARNING * * *
The ball python constricts you.
You hit Natasha but do no damage.
Natasha is severely wounded.
Natasha claws you!
You die...

...## .. .# <..#
##.. ...### #..#
#... #....##..#
#.?# #..<..##..#
###...$..#
###.....##.##
...##............
........@.......#
....#.†Sh......##
... #..........#
.. ##......#..# .
.......#....
#...........<
#............
##.........


You could see Natasha and a ball python.

Vanquished Creatures
  Natasha (D:2)
  2 dart slugs
  An endoplasm (D:1)
  A giant cockroach (D:1)
  A hobgoblin (D:1)
  A quokka (D:1)
  A goblin (D:1)
8 creatures vanquished.

Notes
Turn   | Place    | Note
-------+----------+-------------------------------------------
     0 | D:1      | rabbitsville the Hill Orc Berserker began the quest for the
                  | Orb.
     0 | D:1      | Reached XP level 1. HP: 19/19 MP: 1/1
   373 | D:1      | Found a faded altar of an unknown god.
   453 | D:1      | Reached XP level 2. HP: 22/27 MP: 2/2
   669 | D:2      | Noticed Natasha
   680 | D:2      | Killed Natasha
   681 | D:2      | Reached XP level 3. HP: 13/34 MP: 3/3
   766 | D:2      | Noticed Natasha
   773 | D:2      | Slain by Natasha

Illustrated notes

Levels and vault maps discovered:
D:1:      heliophobic_arrival_henge, layout_loops_ring,
          shapermc_ecumenical_altar_mp_highgroup
D:2:      layout_rooms, uniq_natasha, uniq_crazy_yiuf_cottage

Skill      XL: |  1  2  3 |
---------------+----------+-----
Fighting       | 4 |  4.3
Maces & Flails | 4 |  4.0
Armour         | |  2.6
Dodging        | |  1.5

Action                     || total
---------------------------++-------
  Melee: Mace              ||    23
 Armour: Animal skin       ||     2
  Dodge: Dodged            ||    16

Table legend: (Time is in decaauts)
 A = Elapsed time spent in this place.
 B = Non-inter-level travel time spent in this place.
 C = Inter-level travel time spent in this place.
 D = Time resting spent in this place.
 E = Time spent auto-exploring this place.
 F = Levels seen in this place.
 G = Mean time per level.
                   A        B        C        D        E       F      G
               +--------+--------+--------+--------+--------+-----+--------+
         Total |    778 |    768 |     10 |     58 |    613 |   2 |  389.0 |
       Dungeon |    778 |    768 |     10 |     58 |    613 |   2 |  389.0 |
               +--------+--------+--------+--------+--------+-----+--------+

Top non-repeatable levels by time:
     D:1: 731 daAuts
     D:2: 46 daAuts
